 Dungeon Crawl Stone Soup version 0.22-a0-223-g0f5d773 (webtiles) character file.

147 wolfsongas the Charmwright (level 5, 0/38 HPs)
             Began as a Gnoll Skald on Feb 19, 2018.
             Slain by an orc wizard
             ... wielding a +4 dagger
              (5 damage)
             ... on level 4 of the Dungeon.
             The game lasted 00:04:22 (2691 turns).

wolfsongas the Charmwright (Gnoll Skald)            Turns: 2691, Time: 00:04:23

Health: 0/38       AC:  3    Str: 13    XL:     5   Next: 29%
Magic:  12/12      EV: 14    Int: 19    God:
Gold:   112        SH:  0    Dex: 14    Spells: 8/14 levels left

rFire    . . .     SeeInvis .   d - +0 halberd
rCold    . . .     Gourm    .   (shield currently unavailable)
rNeg     . . .     Faith    .   b - +0 leather armour
rPois    .         Spirit   .   (no helmet)
rElec    .         Reflect  .   (no cloak)
rCorr    .         Harm     .   (no gloves)
MR       .....                  (no boots)
Stlth    +.........             (no amulet)
HPRegen  0.12/turn              (no ring)
MPRegen  0.13/turn              (no ring)

@: confused, lethally poisoned (0 -> -4), infused, hasted and slowed
A: distributed training, fangs 1, blink, clever 1, frail 1, strong nose
a: Blink


You were on level 4 of the Dungeon.
You were not hungry.

You visited 1 branch of the dungeon, and saw 4 of its levels.

You collected 112 gold pieces.

Inventory:

Hand Weapons
 d - a +0 halberd (weapon)
Armour
 b - a +0 leather armour (worn)
Scrolls
 i - a scroll of magic mapping
 j - a scroll of teleportation {unknown}
 k - 2 scrolls of remove curse
Potions
 h - a potion of heal wounds {unknown}
 l - a potion of lignification {unknown}
Comestibles
 a - 9 chunks of flesh
 c - 2 rations


   Skills:
 + Level 4.7 Fighting
 + Level 1.4 Short Blades
 + Level 1.4 Long Blades
 + Level 4.7 Axes
 + Level 1.4 Maces & Flails
 + Level 1.4 Polearms
 + Level 1.4 Staves
 + Level 1.4 Slings
 + Level 1.4 Bows
 + Level 1.4 Crossbows
 + Level 1.4 Throwing
 + Level 2.9 Armour
 + Level 4.7 Dodging
 + Level 1.4 Stealth
 + Level 1.4 Shields
 + Level 1.4 Unarmed Combat
 + Level 5.1 Spellcasting
 + Level 1.1 Conjurations
 + Level 1.1 Hexes
 + Level 5.5 Charms
 + Level 1.1 Summonings
 + Level 1.1 Necromancy
 + Level 1.1 Translocations
 + Level 1.1 Transmutations
 + Level 1.1 Fire Magic
 + Level 1.1 Ice Magic
 + Level 1.1 Air Magic
 + Level 1.1 Earth Magic
 + Level 1.1 Poison Magic
 + Level 1.5 Invocations
 + Level 1.4 Evocations


You had 8 spell levels left.
You knew the following spells:

 Your Spells              Type           Power        Failure   Level  Hunger
a - Infusion              Chrm           ####         1%          1    None
b - Regeneration          Chrm/Necr      ###.......   12%         3    ##.....
c - Shroud of Golubria    Chrm/Tloc      ###.......   6%          2    #......


Dungeon Overview and Level Annotations

Branches:
Dungeon (3/15)

Altars:


Innate Abilities, Weirdness & Mutations

Your experience applies equally to all skills.
You have very sharp teeth.
Your uncanny sense of smell can sniff out nearby items.
You can translocate small distances at will.
Your mind is acute. (Int +2)
You are frail. (-10% HP)


Message History

You are poisoned.
The adder poisons you!
The orc wizard hits you with an enchanted dagger.
* * * LOW HITPOINT WARNING * * *
The orc hits you with a flail.
* * * LOW HITPOINT WARNING * * *
It was a potion of ambrosia.
You are confused.
You feel invigorated.
You feel sick. The quokka bites you.
* * * LOW HITPOINT WARNING * * *
The adder bites you.
* * * LOW HITPOINT WARNING * * *
The orc wizard gestures at you while chanting.
The puff of frost misses you.
The puff of frost hits the adder.
The quokka misses you. The orc hits you with a flail.
* * * LOW HITPOINT WARNING * * *
It was a potion of mutation.
You feel extremely strange.
You feel frail.
You feel jittery.
You feel clever.
The orc wizard hits you with an enchanted dagger.
You die...

..# ∆ .... ..# ...
#.# ######.#o#
###..... #r####
####.....####o@S.#
.............o###..#
.........###.## .⌠.
####..[..##.## ∆#
#.....#.. #######..
#.# #o ∆ #o


You could see 2 orc wizards, an adder, an orc and a quokka.

Vanquished Creatures
  An adder (D:2)
  4 gnolls (D:3)
  2 oozes
  6 worms
  3 dart slugs (D:1)
  A leopard gecko (D:1)
  An orc (D:4)
  10 bats
  3 giant cockroaches
  7 goblins
  6 hobgoblins
  4 jackals (D:2)
  A quokka (D:2)
  A ball python (D:2)
  3 frilled lizards
  8 kobolds
  6 rats
67 creatures vanquished.

Notes
Turn   | Place    | Note
-------+----------+-------------------------------------------
     0 | D:1      | wolfsongas the Gnoll Skald began the quest for the Orb.
     0 | D:1      | Reached XP level 1. HP: 20/20 MP: 6/6
   125 | D:1      | Reached XP level 2. HP: 13/26 MP: 1/7
   595 | D:1      | Reached XP level 3. HP: 22/31 MP: 9/9
   905 | D:1      | Reached skill level 5 in Spellcasting
  1143 | D:2      | Reached skill level 1 in Invocations
  1183 | D:1      | Learned a level 3 spell: Regeneration
  1371 | D:2      | Reached skill level 1 in Short Blades
  1371 | D:2      | Reached skill level 1 in Long Blades
  1371 | D:2      | Reached skill level 1 in Maces & Flails
  1371 | D:2      | Reached skill level 1 in Polearms
  1371 | D:2      | Reached skill level 1 in Staves
  1371 | D:2      | Reached skill level 1 in Slings
  1371 | D:2      | Reached skill level 1 in Bows
  1371 | D:2      | Reached skill level 1 in Crossbows
  1371 | D:2      | Reached skill level 1 in Throwing
  1371 | D:2      | Reached skill level 1 in Stealth
  1371 | D:2      | Reached skill level 1 in Shields
  1371 | D:2      | Reached skill level 1 in Unarmed Combat
  1371 | D:2      | Reached skill level 1 in Evocations
  1371 | D:2      | Reached XP level 4. HP: 36/38 MP: 4/11
  2099 | D:3      | Reached skill level 1 in Conjurations
  2099 | D:3      | Reached skill level 1 in Hexes
  2099 | D:3      | Reached skill level 1 in Summonings
  2099 | D:3      | Reached skill level 1 in Necromancy
  2099 | D:3      | Reached skill level 1 in Translocations
  2099 | D:3      | Reached skill level 1 in Transmutations
  2099 | D:3      | Reached skill level 1 in Fire Magic
  2099 | D:3      | Reached skill level 1 in Ice Magic
  2099 | D:3      | Reached skill level 1 in Air Magic
  2099 | D:3      | Reached skill level 1 in Earth Magic
  2099 | D:3      | Reached skill level 1 in Poison Magic
  2157 | D:3      | Learned a level 2 spell: Shroud of Golubria
  2168 | D:3      | Reached XP level 5. HP: 9/43 MP: 1/12
  2670 | D:3      | You fall through a shaft!
  2690 | D:4      | HP: 2/43 [orc/flail (4)]
  2691 | D:4      | Gained mutation: You are frail. (-10% HP) [potion of mutation]
  2691 | D:4      | Gained mutation: You can translocate small distances at will. [potion of mutation]
  2691 | D:4      | Gained mutation: Your mind is acute. (Int +2) [potion of mutation]
  2691 | D:4      | Slain by an orc wizard

Vault maps used:
D:1:      grunt_arrival_crossed_arrows, minmay_misc_feat_more_columns
D:3:      uniq_crazy_yiuf_cottage, uniq_jessica
D:4:      minmay_temple_entry_trees, grunt_decor_mini_mirrors,
          kennysheep_generic_room_8

Skill      XL: |  1  2  3  4 |
---------------+-------------+-----
Spellcasting   | 5 |  5.1
Invocations    | 1 |  1.5
Short Blades   | 1 |  1.4
Long Blades    | 1 |  1.4
Maces & Flails | 1 |  1.4
Polearms       | 1 |  1.4
Staves         | 1 |  1.4
Slings         | 1 |  1.4
Bows           | 1 |  1.4
Crossbows      | 1 |  1.4
Throwing       | 1 |  1.4
Stealth        | 1 |  1.4
Shields        | 1 |  1.4
Unarmed Combat | 1 |  1.4
Evocations     | 1 |  1.4
Conjurations   | 1 |  1.1
Hexes          | 1 |  1.1
Summonings     | 1 |  1.1
Necromancy     | 1 |  1.1
Translocations | 1 |  1.1
Transmutations | 1 |  1.1
Fire Magic     | 1 |  1.1
Ice Magic      | 1 |  1.1
Air Magic      | 1 |  1.1
Earth Magic    | 1 |  1.1
Poison Magic   | 1 |  1.1
Fighting       | |  4.7
Axes           | |  4.7
Armour         | |  2.9
Dodging        | |  4.7
Charms         | |  5.5

Action                   |  1- 3 |  4- 6 || total
-------------------------+-------+-------++-------
Melee: Hand axe          |    96 |    71 ||   167
       Bite              |     8 |     5 ||    13
       Punch             |       |     1 ||     1
       Halberd           |       |    24 ||    24
 Cast: Infusion          |     6 |     4 ||    10
       Shroud of Golubri |       |     2 ||     2
       Regeneration      |       |     1 ||     1
  Use: Scroll            |     3 |     3 ||     6
       Potion            |       |     5 ||     5
 Stab: Sleeping          |     2 |     1 ||     3
  Eat: Chunk             |     1 |     3 ||     4
       Ration            |       |     1 ||     1
Armor: Leather armour    |    13 |    26 ||    39
Dodge: Dodged            |    82 |   107 ||   189

Table legend:
 A = Spawn XP
 B = Non-spawn XP
 C = Spawn XP percentage of total XP
 D = Spawn monster count
 E = Non-spawn monster count
 F = Spawn count percentage of total count
 G = Total turns spent on level
                    A         B        C        D         E        F      G
               +---------+---------+-------+---------+---------+-------+---------
         Total |       0 |     210 |   0.0 |       0 |      67 |   0.0 |  2691
               +---------+---------+-------+---------+---------+-------+---------
           D:1 |       0 |      52 |   0.0 |       0 |      23 |   0.0 |  1142
           D:2 |       0 |      80 |   0.0 |       0 |      31 |   0.0 |   945
           D:3 |       0 |      75 |   0.0 |       0 |      12 |   0.0 |   583
           D:4 |       0 |       3 |   0.0 |       0 |       1 |   0.0 |    21
               +---------+---------+-------+---------+---------+-------+---------
